 Dungeon Crawl Stone Soup version 0.22.0-49-gab54619 (webtiles) character file.

268 Fang the Chopper (level 6, -3/39 HPs)
             Began as a Gargoyle Berserker on Sept 4, 2018.
             Was a Believer of Trog.
             Slain by a phantom (4 damage)
             ... on level 5 of the Dungeon.
             The game lasted 00:04:10 (2900 turns).

Fang the Chopper (Gargoyle Berserker)               Turns: 2900, Time: 00:04:10

Health: -3/39      AC:  6    Str: 20 (23) XL:     6   Next: 21%
Magic:  6/6        EV: 12    Int:  4 (7)  God:    Trog [**....]
Gold:   137        SH:  0    Dex:  7 (9)  Spells: 5/5 levels left

rFire    x . .     SeeInvis .   n - +0 war axe (chop)
rCold    + . .     Gourm    .   (no shield)
rNeg     + . .     Faith    .   b - +0 animal skin
rPois    ∞         Spirit   .   (no helmet)
rElec    +         Reflect  .   (no cloak)
rCorr    .         Harm     .   (no gloves)
MR       .....                  (no boots)
Stlth    +.........             (no amulet)
HPRegen  0.13/turn              k - ring of ice
MPRegen  0.10/turn              (no ring)

@: berserk cooldown
A: negative energy resistance 1, electricity resistance, unbreathing,
petrification resistance, rot immunity, AC +4
a: Berserk, Trog's Hand, Renounce Religion


You were on level 5 of the Dungeon.
You worshipped Trog.
Trog was pleased with you.
You were not hungry.

You visited 1 branch of the dungeon, and saw 5 of its levels.

You collected 137 gold pieces.

Inventory:

Hand Weapons
 a - a +0 hand axe
 n - a +0 war axe of chopping (weapon)
Armour
 b - a +0 animal skin (worn)
Jewellery
 k - a ring of ice (left hand)
Wands
 r - a wand of flame (16)
Scrolls
 d - a scroll of remove curse {unknown}
 e - 2 scrolls of identify {unknown}
 f - 2 scrolls of teleportation {unknown}
 g - a scroll of enchant armour {unknown}
 m - a scroll of fear {unknown}
 o - 2 scrolls of noise {unknown}
 p - a scroll of amnesia {unknown}
Potions
 h - a potion of invisibility {unknown}
 j - 2 potions of mutation {unknown}
 l - 2 potions of curing {unknown}
Comestibles
 c - 5 rations
 q - a chunk of flesh


   Skills:
 + Level 4.5 Fighting
 + Level 4.8 Axes
 + Level 2.3 Armour
 + Level 2.6 Dodging
 + Level 1.2 Stealth


You had 5 spell levels left.
You didn't know any spells.
Your spell library was empty.

Dungeon Overview and Level Annotations

Branches:
Dungeon (5/15)
 Temple: D:4-7

Altars:
Okawaru
Qazlal


Innate Abilities, Weirdness & Mutations

You are resistant to torment.
Your stone body is resilient. (AC +4)
You are immune to poison.
You resist negative energy. (rN+)
You are resistant to electric shocks. (rElec)
You can survive without breathing.
You are immune to petrification.
You are immune to rotting.


Message History

The phantom blinks!
The phantom blinks!
The phantom barely misses you.
You feel yourself speed up.
There is an escape hatch in the floor here.
The phantom hits you.
* * * LOW HITPOINT WARNING * * *
You slide downwards.
The hatch slams shut behind you.
You hear the hiss of flowing sand.
There is an entrance to an ossuary on this level.
Hurry and find it before the 4 jackals, a worker ant and a zombie come into view.
The worker ant twitches its antennae in your direction.
Found five items.
Okay, then.
It was a potion of degeneration.
There was something very wrong with that liquid.
You feel weakened.
You feel dopey.
You feel clumsy.
The jackal barks! x4
The phantom hits you.
You die...

.#..#..##
.........
######......!.
#.............
#........... .
#......... ...
##.h.....#...#.
#...%.h@W.(....
#.(h...........
#.....?.a......
#........#...#.
#.h..........#
##.............
#....Z.... ...
#.)...........


You could see a phantom, a worker ant, a water moccasin zombie (wandering) and 4
jackals.

Vanquished Creatures
  A necrophage (D:3)
  A worker ant (D:4)
  Robin (D:3)
  6 adders
  An ooze (D:2)
  2 worms (D:3)
  A dart slug (D:3)
  3 leopard geckos
  4 orcs (D:4)
  4 giant cockroaches
  11 goblins
  12 hobgoblins
  4 jackals (D:3)
  3 kobolds
  4 quokkas
  3 ball pythons
  3 bats
  3 frilled lizards
  A quokka skeleton (D:4)
  7 rats
75 creatures vanquished.

Notes
Turn   | Place    | Note
-------+----------+-------------------------------------------
     0 | D:1      | Fang the Gargoyle Berserker began the quest for the Orb.
     0 | D:1      | Reached XP level 1. HP: 14/14 MP: 1/1
   148 | D:1      | Reached XP level 2. HP: 14/19 MP: 2/2
  1129 | D:2      | Reached XP level 3. HP: 10/23 MP: 3/3
  1372 | D:2      | Reached ** piety under Trog
  1375 | D:2      | Reached XP level 4. HP: 29/29 MP: 4/4
  1895 | D:3      | Noticed a necrophage
  1905 | D:3      | Killed a necrophage
  1905 | D:3      | Reached XP level 5. HP: 33/33 MP: 5/5
  2241 | D:3      | Noticed Robin
  2254 | D:3      | Killed Robin
  2254 | D:3      | Reached skill level 1 in Stealth
  2331 | D:3      | Reached XP level 6. HP: 38/39 MP: 6/6
  2597 | D:4      | Found an iron altar of Okawaru.
  2723 | D:4      | Found a stormy altar of Qazlal.
  2850 | D:4      | Noticed a phantom
  2898 | D:4      | HP: 1/39 [phantom (4)]
  2899 | D:5      | Entered Level 5 of the Dungeon
  2900 | D:5      | Slain by a phantom

Skill      XL: |  1  2  3  4  5 |
---------------+----------------+-----
Axes           | 3 4 |  4.8
Dodging        | 2 |  2.6
Fighting       | 4 |  4.5
Stealth        | 1 |  1.2
Armour         | |  2.3

Action                   |  1- 3 |  4- 6 || total
-------------------------+-------+-------++-------
Melee: Hand axe          |    88 |   132 ||   220
       War axe           |       |    21 ||    21
Invok: Berserk           |     2 |     3 ||     5
  Use: Potion            |       |     1 ||     1
 Stab: Sleeping          |       |     4 ||     4
  Eat: Chunk             |     3 |     8 ||    11
Armor: Animal skin       |    34 |    47 ||    81
Dodge: Dodged            |    66 |    91 ||   157
